 Dungeon Crawl Stone Soup version 0.20-a0-556-g892c87b (webtiles) character file.

863721 tsouns the Conqueror (level 27, -7/248 HPs)
             Began as a Demonspawn Warper on Feb 1, 2017.
             Was the Champion of Kikubaaqudgha.
             Killed from afar by an ancient lich (72 damage)
             ... with a crystal spear
             ... on level 5 of the Realm of Zot on Feb 5, 2017.
             The game lasted 07:33:55 (77873 turns).

tsouns the Conqueror (Demonspawn Warper)           Turns: 77873, Time: 07:33:56

Health: -7/248     AC: 27    Str: 25    XL:     27
Magic:  0/44       EV: 26    Int: 22    God:    Kikubaaqudgha [******]
Gold:   6118       SH: 17    Dex: 16    Spells: 1/60 levels left

rFire    + + .     SeeInvis +   m - +10 double sword of Harmony {slice, +Blink +Fly rC+++ Int+2}
rCold    + + +     Gourm    .   q - +6 faerie dragon scales {+Fly rC+ rCorr HP-1 Str+4}
rNeg     . . .     Faith    .   K - +1 buckler of the Land of Plenty {rPois MR+ Regen+ Str+4}
rPois    +         Spirit   +   (helmet unavailable)
rElec    .         Reflect  .   e - +2 cloak "Jeisoracs" {Int+2}
rCorr    +         Harm     .   s - +2 pair of gloves {Dex+3}
MR       +++++                  Z - +2 pair of boots {run}
Stlth    ++++++....             l - amulet "Cuureyj" {Spirit rF+ MR+ Int-2 SInv}
Regen    2.0/turn               U - ring of protection from magic
                                O - ring of protection from fire

@: death channel, very slightly contaminated, regenerating, hasted, very quick
A: horns 3, large bone plates 3, dopey 1, powered by death 3, augmentation 3,
magic shield, magic regeneration, magic link
}: 7/15 runes: decaying, serpentine, slimy, silver, golden, abyssal, demonic
a: Receive Corpses, Torment, Renounce Religion, Evoke Blink, Evoke Flight


You were on level 5 of the Realm of Zot.
You worshipped Kikubaaqudgha.
Kikubaaqudgha was exalted by your worship.
You were not hungry.

You visited 14 branches of the dungeon, and saw 62 of its levels.
You visited Pandemonium 1 time, and saw 14 of its levels.
You visited the Abyss 1 time.
You visited 1 bazaar.
You also visited: Labyrinth and Wizlab.

You collected 11313 gold pieces.
You spent 5195 gold pieces at shops.

Inventory:

Hand Weapons
 m - the +10 double sword of Harmony (weapon) {slice, +Blink +Fly rC+++ Int+2}
   (You found it on level 3 of the Abyss)

   It inflicts extra damage upon your enemies.
   It affects your intelligence (+2).
   It renders you almost immune to cold.
   It lets you fly.
   It lets you blink.
 w - the +8 autumn katana {slice, Clar}
   (You bought it in a shop on level 10 of the Dungeon)

   It inflicts extra damage upon your enemies.
   It protects you against confusion.
 L - a +9 demon blade of pain
Armour
 e - the +2 cloak "Jeisoracs" (worn) {Int+2}
   (You found it on level 5 of the Vaults)

   It affects your intelligence (+2).
 q - the +6 faerie dragon scales (worn) {+Fly rC+ rCorr HP-1 Str+4}
   (You took it off the Enchantress on level 5 of the Depths)

   It affects your strength (+4).
   It protects you from cold.
   It affects your health (-1).
   It lets you fly.
   It protects you from acid and corrosion.
 s - a +2 pair of gloves of dexterity (worn)
 K - the +1 buckler of the Land of Plenty (worn) {rPois MR+ Regen+ Str+4}
   (You found it on level 5 of the Vaults)

   It affects your strength (+4).
   It protects you from poison.
   It affects your resistance to hostile enchantments.
   It increases your rate of regeneration.
 Z - a +2 pair of boots of running (worn)
Jewellery
 l - the amulet "Cuureyj" (around neck) {Spirit rF+ MR+ Int-2 SInv}
   (You found it on level 5 of the Vaults)

   [amulet of guardian spirit]

   It causes incoming damage to be split between your health and magic.
   It affects your intelligence (-2).
   It protects you from fire.
   It affects your resistance to hostile enchantments.
   It lets you see invisible.
 o - the ring of Hagesoa {+Fly rN+ Int+3}
   (You found it on level 5 of the Vaults)

   [ring of flight]

   It affects your intelligence (+3).
   It protects you from negative energy.
   It lets you fly.
 y - a +3 amulet of reflection {unknown}
 C - the amulet "Zuovia" {+Inv rC- Regen+ Str+3}
   (You found it on level 1 of the Elven Halls)

   [amulet of regeneration]

   It affects your strength (+3).
   It makes you vulnerable to cold.
   It lets you turn invisible.
   It increases your rate of regeneration.
 O - a ring of protection from fire (left hand)
 U - a ring of protection from magic (right hand)
Wands
 a - a wand of digging (2/24)
 h - a wand of paralysis (8/24)
 j - a wand of clouds (3/9)
 n - a wand of clouds (4/9)
 u - a wand of polymorph (9/24)
 E - a wand of confusion (18/48)
 G - a wand of enslavement (13/24)
Scrolls
 b - 4 scrolls of identify
 c - 3 scrolls of enchant armour
 d - 7 scrolls of blinking
 r - 16 scrolls of teleportation
 t - 3 scrolls of magic mapping
 x - 37 scrolls of remove curse
 D - 5 scrolls of silence
 P - 9 scrolls of fog
 Q - 9 scrolls of fear
 S - 14 scrolls of recharging
Potions
 g - 2 potions of cure mutation
 k - 4 potions of flight
 p - 20 potions of curing
 v - 5 potions of heal wounds
 z - 5 potions of cancellation
 A - 4 potions of resistance
 B - 9 potions of agility
 F - 3 potions of might
 I - 9 potions of haste
 N - 4 potions of invisibility
Miscellaneous
 i - a phial of floods
 M - 3 sacks of spiders
 T - a fan of gales
 V - a box of beasts
 W - a lamp of fire
 X - a lightning rod (4/4)
 Y - 3 phantom mirrors
Comestibles
 f - 17 bread rations
 H - 19 meat rations
 J - 39 fruits


   Skills:
 O Level 27 Fighting
 + Level 16.4 Long Blades
 - Level 0.8 Throwing
 + Level 15.4 Armour
 + Level 18.9 Dodging
 - Level 15.7 Stealth
 - Level 16.0 Shields
 + Level 17.2 Spellcasting
 * Level 14.0 Hexes
 - Level 3.1 Charms
 - Level 2.1 Summonings
 + Level 14.8 Necromancy
 - Level 9.6 Translocations
 - Level 2.8 Air Magic
 - Level 11.2 Evocations


You had one spell level left.
You knew the following spells:

 Your Spells              Type           Power        Failure   Level  Hunger
a - Blink                 Tloc           N/A          1%          2    None
b - Shroud of Golubria    Chrm/Tloc      #####.....   1%          2    None
c - Dispersal             Tloc           ######....   12%         6    ####...
d - Teleport Other        Tloc           ######..     1%          3    None
e - Ensorcelled Hibernat  Hex/Ice        #####.       1%          2    None
f - Portal Projectile     Tloc           ######       1%          3    None
g - Regeneration          Chrm/Necr      ######....   1%          3    None
h - Corpse Rot            Necr           N/A          0%          2    None
i - Confuse               Hex            ######..     1%          3    None
j - Passage of Golubria   Tloc           N/A          1%          4    None
k - Apportation           Tloc           ######       1%          1    None
l - Tukima's Dance        Hex            ######..     1%          3    None
m - Animate Skeleton      Necr           N/A          0%          1    None
n - Summon Butterflies    Summ           ####....     1%          1    None
o - Silence               Hex/Air        ######....   3%          5    ##.....
p - Death Channel         Necr           ######....   1%          6    ####...
q - Control Undead        Necr           ######....   1%          4    None
r - Discord               Hex            ######....   78%         8    #######


Dungeon Overview and Level Annotations

Branches:
Dungeon (15/15)            Temple (1/1) D:7            Lair (6/6) D:9
  Swamp (4/4) Lair:2        Snake (4/4) Lair:2        Slime (5/5) Lair:6
    Orc (2/2) D:11            Elf (3/3) Orc:2        Vaults (5/5) D:14
  Crypt (3/3) Vaults:3       Tomb (3/3) Crypt:3      Depths (5/5) D:15
   Hell (1/1)                 Dis (0/7) Hell            Geh (0/7) Hell
    Coc (0/7) Hell            Tar (0/7) Hell            Zot (5/5) Depths:5

Altars:
Ashenzari
Cheibriados
Dithmenos
Elyvilon
Fedhas
Gozag
Hepliaklqana
Kikubaaqudgha
Makhleb
Nemelex Xobeh
Okawaru
Qazlal
Ru
Sif Muna
Trog
Uskayaw
Vehumet
Xom
Yredelemnul
Zin
The Shining One
Beogh
Jiyva

Shops:
D:4 *   D:5 !   D:8 (   D:10 (   D:12 [   D:14 *   Orc:2 [[*=(   Elf:1 [
Snake:1 (   Vaults:2 *   Vaults:4 *   Depths:3 (   Depths:5 [[=

Portals:
Hell: Depths:1 Depths:2 Depths:3 Depths:4 Depths:5
Abyss: Depths:2 Depths:3 Depths:4
Pandemonium: Depths:1 Depths:2 Depths:3
Ziggurat: Depths:3

Annotations:
D:6 krabocopter's ghost, novice DEFE
Elf:2 5 runed doors
Depths:2 3 runed doors


Innate Abilities, Weirdness & Mutations

You have a pair of large horns on your head.
You are completely covered in large bone plates. (SH +8)
You regenerate a lot of health from kills.
Your magical and physical power is greatly enhanced at high health.
When hurt, damage is shared between your health and your magic reserves.
You regenerate magic rapidly.
When low on magic, you restore magic in place of health.
You are dopey. (Int -2)


Message History

Unknown command.
You hit the golden dragon.
You headbutt the golden dragon, but do no damage.
The golden dragon is severely wounded.
The golden dragon completely misses you.
You block the golden dragon's attack. The golden dragon misses you.
You block the ancient lich's attack.
Unknown command.
You hit the golden dragon but do no damage.
You headbutt the golden dragon.
The golden dragon is almost dead.
The golden dragon bites you but does no damage.
You block the golden dragon's attack. x2
Unknown command.
You hit the golden dragon but do no damage.
The golden dragon is almost dead.
The ancient lich casts a spell at you. The crystal spear hits you!
You die...
Kikubaaqudgha rasps: "You have failed me!
Welcome... death!"

,,,,,,,,,,,,,,,,,,,*,,,,,,,,,,,*,
,,,,,,,,,,,,,,,,,,,**,,,,,,,,,**,
,,,,,,,,,,,,,,,,,,,***,,,,,,,***,
,,,,,,,,,,,,,,,,,,,* ********* *,
..,,,,,,,,,,,,,,,,** **
X*.,,,,,,,,,,,,,*** *
....,,,,,,,,,****
....##▓▓▓▓▓▓▓▓▓▓▓#
....^......y**D*@### ##
...^........p##L...## ##.
.............D###...###########..
...............###.....^.........
.........(.....# ##.............#
...............# #.............#
...............# ##..........^##
....§...^......# #...........#
L..............# ##...........##


You could see 3 orbs of fire, a Killer Klown, a golden dragon (berserk), an
ancient lich and a moth of wrath.

Vanquished Creatures
  the Royal Jelly (Slime:5)
  An orb of fire (Zot:5)
  Mara (Vaults:3)
  A juggernaut (Depths:5)
  6 ancient liches
  5 pandemonium lords (Pan)
  Boris (Vaults:3)
  26 greater mummies
  the Lernaean hydra (Swamp:4)
  Sojobo (Tomb:2)
  Saint Roka (Orc:2)
  Margery (Depths:5)
  A curse toe (Zot:3)
  6 golden dragons
  Geryon (Hell)
  the Enchantress (Depths:5)
  Jory (Vaults:5)
  2 bone dragons
  6 Brimstone Fiends (Pan)
  A profane servitor (Crypt:3)
  2 electric golems
  4 Tzitzimimeh (Pan)
  2 Hell Sentinels (Pan)
  9 tentacled monstrosities
  A hellephant (Abyss:3)
  5 Orb Guardians (Zot:5)
  Rupert (Lair:6)
  6 Ice Fiends (Pan)
  A quicksilver dragon (Vaults:5)
  Asterion (Vaults:2)
  8 liches
  3 titans
  2 deep elf master archers (Elf:3)
  2 deep elf blademasters (Elf:3)
  12 acid blobs
  4 death cobs
  Frances (Snake:2)
  6 tentacled starspawn (Abyss:3)
  6 ancient champions
  8 Executioners
  8 tengu reavers
  7 storm dragons
  14 sphinxes
  Donald (Snake:1)
  5 shadow dragons
  3 revenants
  3 draconian monks
  A daeva (Abyss:3)
  8 nagarajas
  5 azure jellies
  2 thorn hunters
  6 iron dragons
  12 fire giants
  2 draconian scorchers
  7 balrugs
  Louise (Elf:1)
  5 deep elf sorcerers
  6 frost giants
  An orc warlord (Vaults:5)
  4 curse skulls
  4 draconian knights
  16 vault wardens
  9 cacodemons
  An emperor scorpion (Abyss:3)
  2 draconian shifters (Abyss:3)
  A ghost moth (Pan)
  19 ghouls
  2 warmongers (Pan)
  6 deep elf elementalists
  6 spriggan defenders
  8 reapers
  4 blood saints (Pan)
  6 war gargoyles
  4 draconian annihilators
  3 green draconians
  13 ironheart preservers
  A juggernaut skeleton (Crypt:1)
  5 corrupters (Pan)
  22 stone giants
  6 deep elf demonologists
  2 entropy weavers
  25 very ugly things
  9 bennus
  8 black suns (Pan)
  8 vampire knights
  6 white draconians
  2 red draconians
  8 lorocyprocas
  8 black draconians
  3 spark wasps (Depths:3)
  11 deep elf annihilators
  10 dire elephants
  4 yellow draconians
  17 ettins
  9 eidola
  3 jiangshi (Depths:3)
  8 green deaths (Pan)
  10 blizzard demons
  12 deep elf death magi
  24 mummy priests
  Josephine (D:15)
  A quicksilver dragon zombie (Crypt:3)
  5 crystal guardians
  10 deep elf high priests
  2 merfolk impalers (Abyss:3)
  A minotaur (Lab)
  19 yaktaur captains
  9 monstrous demonspawn
  3 death oozes (Slime:5)
  16 fire dragons
  8 rakshasas
  4 juggernaut simulacra (Depths:4)
  A quicksilver dragon skeleton (Crypt:2)
  A hydra (shapeshifter) (Depths:4)
  A great orb of eyes (shapeshifter) (D:15)
  17 naga warriors
  38 vault guards
  10 great orbs of eyes
  8 ice dragons
  24 hydras
  A merfolk avatar (Swamp:1)
  2 catoblepae
  A ghost crab (Swamp:4)
  6 alligators
  3 hell beasts
  10 spriggan air magi
  8 anacondas
  8 centaur warriors
  27 death scarabs
  7 death knights
  A titan zombie (Crypt:3)
  40 two-headed ogres
  16 hell hogs
  11 deep troll shamans
  12 ogre magi
  12 death yaks
  An orc high priest (Orc:2)
  5 spriggan berserkers
  17 dancing weapons
  3 vampire magi
  15 deep troll earth magi
  A shock serpent (shapeshifter) (Vaults:3)
  19 naga sharpshooters
  3 shock serpents
  2 iron golems (WizLab)
  11 soul eaters
  17 spriggans
  12 thrashing horrors
  5 storm dragon zombies
  A titan skeleton (Abyss:3)
  14 deep elf knights
  10 wretched stars (Abyss:3)
  A fire crab (shapeshifter) (Vaults:3)
  21 sun demons
  A fire crab (Lair:6)
  19 sixfirhies
  33 hell knights
  A salamander mystic (Depths:2)
  2 golden dragon zombies
  2 iron trolls (Depths:3)
  5 anaconda zombies
  24 skeletal warriors
  3 spriggan druids
  7 unseen horrors
  A storm dragon skeleton (Crypt:1)
  4 gelid demonspawn (Pan)
  A death drake (shapeshifter) (Elf:2)
  2 spatial maelstroms (Abyss:3)
  A shadow wraith (Vaults:5)
  A deep troll (shapeshifter) (Depths:4)
  8 flayed ghosts
  5 infernal demonspawn (Pan)
  A sea snake (Snake:1)
  6 wizards
  8 glowing orange brains
  26 deep trolls
  2 shambling mangroves
  15 deep elf archers
  6 shadow demons
  A harpy (Abyss:3)
  17 swamp dragons
  15 orc knights
  6 torturous demonspawn (Pan)
  21 phantasmal warriors
  8 naga ritualists
  2 harpies (shapeshifter)
  A shining eye (Slime:5)
  An orb spider (shapeshifter) (Vaults:4)
  A shadow dragon zombie (Hell)
  2 tengu zombies (Hell)
  An anaconda skeleton (Crypt:2)
  11 ironbrand convokers
  A wolf spider zombie (Crypt:1)
  49 deep elf magi
  2 manticores (Abyss:3)
  16 necromancers
  A fire giant zombie (Hell)
  3 cyclopes
  14 elephants
  A sphinx zombie (Hell)
  42 ugly things
  6 orc sorcerers
  A golden dragon skeleton (Depths:1)
  12 mana vipers
  An oklob plant (Snake:3)
  3 frost giant zombies
  A cyclops (shapeshifter) (Elf:2)
  2 worldbinders
  2 shadow dragon skeletons (Depths:1)
  7 wolf spiders
  4 stone giant zombies
  28 large abominations
  7 salamanders
  23 naga magi
  3 tengu skeletons
  4 frost giant skeletons
  5 stone giant skeletons
  4 moths of wrath
  34 smoke demons
  15 vault sentinels
  An eye of devastation (Slime:1)
  16 orange demons
  A torpor snail (Lair:2)
  9 guardian serpents
  46 black mambas
  8 rust devils
  A fire giant skeleton (Crypt:1)
  The ghost of krabocopter the Cleaver, a novice HOFi (D:5)
  8 gargoyles
  6 centaur skeletons
  A torpor snail (shapeshifter) (Vaults:5)
  2 dire elephant skeletons
  20 spiny frogs
  14 freezing wraiths
  7 demonic crawlers
  3 human zombies
  7 hellions
  3 kobold demonologists
  A rime drake (Lair:6)
  A grey draconian zombie (Crypt:2)
  61 yaktaurs
  6 efreet
  7 komodo dragons
  15 red devils
  3 tormentors
  An anaconda simulacrum (Depths:4)
  9 ancient zymes
  12 ice devils
  6 meliai
  6 hellwings (Pan)
  9 human skeletons
  43 guardian mummies
  A queen bee (Lair:5)
  A jumping spider (shapeshifter) (Vaults:3)
  8 hydra zombies
  2 polar bears (shapeshifter)
  9 trolls
  7 jumping spiders
  4 tengu conjurers
  19 hornets
  6 polar bears
  2 wind drakes (Abyss:3)
  A harpy zombie (D:15)
  25 raiju
  6 tyrant leeches
  2 harpy skeletons
  22 blink frogs
  7 hippogriffs
  Prince Ribbit (D:7)
  A wolf spider simulacrum (Crypt:1)
  A human simulacrum (Vaults:3)
  3 ettin zombies (Crypt:3)
  5 fire dragon zombies
  A dream sheep (Lair:5)
  3 hydra skeletons (Hell)
  61 slime creatures
  2 alligator zombies
  11 bog bodies
  A black mamba zombie (Crypt:1)
  5 shadows
  21 flying skulls
  Sigmund (D:3)
  A centaur simulacrum (D:14)
  A redback (shapeshifter) (Vaults:5)
  4 redbacks
  A tarantella (Vaults:4)
  3 deep troll skeletons
  A guardian serpent skeleton (Crypt:1)
  3 vampires
  6 air elementals
  A fire dragon skeleton (Crypt:2)
  19 wraiths
  19 ynoxinuls
  12 fire elementals
  3 wyverns
  A hog (D:6)
  A fire bat (shapeshifter) (Vaults:4)
  A spriggan (shapeshifter) (Depths:4)
  An alligator skeleton (Tomb:2)
  59 yaks
  9 fire bats
  12 ushabtiu
  2 ettin skeletons (Vaults:3)
  Grum (D:8)
  12 chaos spawn
  10 water elementals
  8 golden eyes
  30 vampire mosquitoes
  11 spatial vortices (Abyss:3)
  3 basilisks
  13 neqoxecs
  A gelid demonspawn zombie (Crypt:2)
  A yaktaur simulacrum (Depths:1)
  A warg (shapeshifter) (Vaults:5)
  A swamp worm (shapeshifter) (Depths:4)
  79 nagas
  11 insubstantial wisps
  22 swamp worms
  8 wargs
  3 hell hounds (Abyss:3)
  3 acid dragons
  12 water moccasins
  An acid dragon (shapeshifter) (Elf:3)
  A soldier ant (D:14)
  Duvessa (D:5)
  A gelid demonspawn skeleton (Crypt:1)
  A hydra simulacrum (Hell)
  A water nymph skeleton (Crypt:1)
  11 porcupines
  A spiny frog zombie (Tomb:1)
  41 orc warriors
  11 swamp drakes
  3 black bears
  38 starcursed masses
  2 spiny frog skeletons
  17 necrophages
  3 ettin simulacra
  3 sky beasts
  A snapping turtle zombie (Crypt:3)
  9 phantoms
  6 boggarts
  2 ice beasts
  11 eyes of draining
  2 eyes of draining (shapeshifter)
  22 wolves
  38 ogres
  An elf skeleton (Vaults:3)
  A manticore skeleton (Crypt:2)
  18 centaurs
  2 snapping turtle skeletons
  10 crocodiles
  2 big kobolds
  14 bullfrogs
  2 yaktaur zombies
  6 earth elementals
  A water moccasin zombie (D:7)
  Dowan (D:5)
  11 wyvern skeletons (Crypt:3)
  24 small abominations
  2 scorpions (D:11)
  35 killer bees
  7 wights
  4 electric eels
  12 crimson imps
  7 quasits
  A black bear zombie (Crypt:2)
  6 hounds
  7 jellies
  2 bullfrog skeletons
  24 orc priests
  30 orc wizards
  4 iguanas
  8 iron imps
  Ijyb (D:2)
  4 hell rats (Hell)
  6 lightning spires (Abyss:3)
  9 worker ants
  A hound zombie (D:6)
  2 hound skeletons
  43 mummies
  A worker ant zombie (D:9)
  Robin (D:3)
  3 gnolls (D:3)
  9 adders
  3 shadow imps
  5 white imps
  5 ufetubi
  6 oozes
  4 adder skeletons
  2 adder zombies (D:5)
  7 worms
  6 dart slugs
  6 leopard geckos
  74 orcs
  2 ball pythons
  6 giant cockroaches
  25 goblins
  12 hobgoblins
  17 jackals
  6 quokkas
  14 bats
  9 frilled lizards
  A frilled lizard zombie (Crypt:2)
  A jackal zombie (D:5)
  14 kobolds
  2 kobold zombies (Crypt:2)
  8 rats
  2 bushes (Abyss:3)
  3 butterflies
  7 crawling corpses
  2 lurking horrors (Abyss:3)
  6 starspawn tentacles (Abyss:3)
  A withered plant (Crypt:3)
3407 creatures vanquished.

Vanquished Creatures (collateral kills)
  2 greater mummies (Tomb:2)
  3 Orb Guardians (Zot:5)
  A lich (Tomb:3)
  2 ancient champions (Tomb:3)
  A draconian monk (Zot:3)
  A frost giant (Depths:3)
  A war gargoyle (WizLab)
  A very ugly thing (Depths:1)
  A red draconian (Zot:3)
  A bennu (Tomb:3)
  A black draconian (Zot:3)
  An ettin (Depths:4)
  4 two-headed ogres
  4 death scarabs
  An ogre mage (Vaults:2)
  A necromancer (Depths:1)
  2 deep elf magi (Elf:3)
  A moth of wrath (Zot:5)
  A naga mage (Snake:4)
  3 guardian mummies (Tomb:1)
  2 flying skulls
  12 ushabtiu
  5 nagas (Snake:4)
  A fire dragon simulacrum (Tomb:3)
  3 ogres
  2 earth elementals (WizLab)
  A mummy (Tomb:1)
59 creatures vanquished.

Vanquished Creatures (others)
  A storm dragon (Zot:3)
  2 black draconians (Zot:3)
  A fire dragon (Depths:4)
  A sun demon (Pan)
  A shock serpent (Zot:3)
  A sixfirhy (Zot:3)
  An anaconda zombie (Hell)
  A quicksilver dragon simulacrum (Hell)
  A deep elf mage (Depths:4)
  2 moths of wrath
  A stone giant skeleton (Hell)
  A hellion (Hell)
  A demonic crawler (Pan)
  A komodo dragon (Swamp:4)
  A raiju (Zot:3)
  38 dancing weapons
  An ushabti (Tomb:3)
  A small abomination (Abyss:3)
  A neqoxec (Pan)
  An eye of draining (Pan)
  A centaur (Depths:1)
  An elf skeleton (Hell)
  A mummy (Tomb:2)
  An ufetubus (Abyss:3)
  5 ball lightnings (Zot:3)
  An orc (Vaults:5)
  A quokka (D:8)
  7 bushes (Abyss:3)
  18 fungi
  26 plants
  5 starspawn tentacles (Abyss:3)
  4 withered plants (Crypt:3)
130 creatures vanquished.

Grand Total: 3596 creatures vanquished

Notes
Turn   | Place    | Note
-------+----------+-------------------------------------------
     0 | D:1      | tsouns the Demonspawn Warper began the quest for the Orb.
     0 | D:1      | Reached XP level 1. HP: 16/16 MP: 3/3
    82 | D:1      | Gained mutation: You have a pair of small horns on your head. [demonic ancestry]
    82 | D:1      | Reached XP level 2. HP: 15/22 MP: 5/5
   547 | D:1      | Gained mutation: You regenerate a little health from kills. [demonic ancestry]
   547 | D:1      | Reached XP level 3. HP: 18/27 MP: 6/6
   586 | D:1      | Learned a level 2 spell: Blink
   589 | D:1      | Learned a level 2 spell: Shroud of Golubria
  1283 | D:2      | Found a stormy altar of Qazlal.
  1501 | D:2      | Gained mutation: You have a pair of horns on your head. [demonic ancestry]
  1501 | D:2      | Reached XP level 4. HP: 25/34 MP: 7/7
  1783 | D:2      | Found a radiant altar of Vehumet.
  1932 | D:2      | Learned a level 3 spell: Lesser Beckoning
  2319 | D:3      | Noticed Ijyb
  2346 | D:2      | Killed Ijyb
  2346 | D:2      | Reached skill level 3 in Fighting
  2498 | D:3      | Found a hide-covered altar of Uskayaw.
  2498 | D:3      | Noticed Robin
  2502 | D:4      | Noticed a phantom
  2562 | D:4      | Gained mutation: You are partially covered in large bone plates. (SH +4) [demonic ancestry]
  2562 | D:4      | Reached XP level 5. HP: 9/41 MP: 8/8
  2812 | D:4      | Killed a phantom
  2930 | D:4      | Found Letwuj's Assorted Antiques.
  2933 | D:4      | Bought a silver wand for 120 gold pieces
  3112 | D:3      | Found a sparkling altar of Nemelex Xobeh.
  3128 | D:3      | Gained mutation: When hurt, damage is shared between your health and your magic reserves. [demonic ancestry]
  3128 | D:3      | Reached XP level 6. HP: 47/48 MP: 9/9
  3146 | D:3      | Reached skill level 5 in Long Blades
  3234 | D:3      | Noticed Sigmund
  3257 | D:3      | Killed Sigmund
  3257 | D:3      | Reached skill level 4 in Fighting
  3442 | D:3      | Killed Robin
  3573 | D:3      | Reached XP level 7. HP: 26/55 MP: 3/10
  3679 | D:3      | Found a sacrificial altar of Ru.
  3679 | D:3      | Found a shimmering altar of Xom.
  3681 | D:3      | Found a basalt altar of Yredelemnul.
  4282 | D:4      | Learned a level 3 spell: Teleport Other
  4283 | D:5      | Entered Level 5 of the Dungeon
  4334 | D:5      | Reached skill level 5 in Fighting
  4348 | D:5      | Noticed krabocopter's ghost (novice HOFi)
  4790 | D:5      | Found a shattered altar of Ashenzari.
  4864 | D:5      | Reached skill level 1 in Evocations
  4930 | D:5      | Found a shimmering altar of Xom.
  4940 | D:5      | Noticed Duvessa
  4979 | D:5      | Noticed Dowan
  4984 | D:5      | Killed Duvessa
  4984 | D:5      | Reached XP level 8. HP: 58/63 MP: 9/11
  4989 | D:5      | Killed Dowan
  5353 | D:5      | Killed krabocopter's ghost
  5640 | D:5      | Found Viruosku's Distillery.
  5645 | D:5      | Bought a potion of heal wounds for 60 gold pieces
  5645 | D:5      | Bought a potion of invisibility for 96 gold pieces
  5842 | D:6      | Reached skill level 6 in Fighting
  5872 | D:6      | Noticed krabocopter's ghost (novice DEFE)
  6710 | D:6      | Reached XP level 9. HP: 60/71 MP: 8/12
  6935 | D:6      | Found a glowing golden altar of the Shining One.
  7018 | D:7      | Found a staircase to the Ecumenical Temple.
  7040 | Temple   | Entered the Ecumenical Temple
  7102 | Temple   | Became a worshipper of Kikubaaqudgha
  7194 | D:7      | You fall through a shaft!
  7467 | D:7      | Learned a level 2 spell: Ensorcelled Hibernation
  7903 | D:7      | Noticed Prince Ribbit
  7919 | D:7      | Killed Prince Ribbit
  7919 | D:7      | Reached skill level 7 in Fighting
  7986 | D:7      | Found a glowing silver altar of Zin.
  8013 | D:8      | Upgraded the game from 0.20-a0-548-g4f8a798 to 0.20-a0-550-gf70bbbc
  8099 | D:8      | Noticed Grum
  8179 | D:8      | Got a warped scale mail
  8190 | D:8      | Identified the +5 scale mail of Joficoxt {rCorr MP+9 Int-2} (You found it on level 8 of the Dungeon)
  8232 | D:8      | Found Celemod's Antique Weapon Shoppe.
  8289 | D:8      | Found a white marble altar of Elyvilon.
  8414 | D:8      | Reached skill level 10 in Long Blades
  8509 | D:8      | Killed Grum
  8636 | D:8      | Reached * piety under Kikubaaqudgha
  8636 | D:8      | Identified Kikubaaqudgha's Tome of Evil (Kikubaaqudgha gifted it to you on level 8 of the Dungeon)
  8636 | D:8      | Received a gift from Kikubaaqudgha
  8644 | D:8      | Learned a level 3 spell: Portal Projectile
  8935 | D:8      | Gained mutation: You regenerate health from kills. [demonic ancestry]
  8935 | D:8      | Reached XP level 10. HP: 80/80 MP: 15/15
  8942 | D:8      | Found a shadowy altar of Dithmenos.
  9036 | D:9      | Noticed a two-headed ogre
  9054 | D:9      | HP: 1/80 [two-headed ogre/dire flail (15)]
  9055 | D:9      | Killed a two-headed ogre
  9055 | D:9      | Reached skill level 1 in Armour
  9055 | D:9      | Reached skill level 1 in Necromancy
  9404 | D:9      | Found a shattered altar of Ashenzari.
  9453 | D:9      | Found a staircase to the Lair.
  9453 | D:9      | Noticed a death yak
  9567 | D:9      | Reached skill level 8 in Fighting
  9697 | D:9      | Killed a death yak
  9867 | D:9      | Learned a level 3 spell: Regeneration
  9979 | D:9      | Reached skill level 5 in Dodging
 10107 | D:9      | Reached skill level 5 in Spellcasting
 10172 | D:9      | Reached ** piety under Kikubaaqudgha
 10172 | D:9      | Gained mutation: You regenerate magic rapidly. [demonic ancestry]
 10172 | D:9      | Reached XP level 11. HP: 82/87 MP: 9/18
 10542 | Lair:1   | Entered Level 1 of the Lair of Beasts
 10771 | Lair:1   | Reached skill level 9 in Fighting
 10872 | Lair:1   | Reached skill level 1 in Shields
 11611 | Lair:2   | Noticed a six-headed hydra
 11753 | Lair:1   | Reached *** piety under Kikubaaqudgha
 11753 | Lair:1   | Identified Kikubaaqudgha's Catalogue of Necromancy (Kikubaaqudgha gifted it to you on level 1 of the Lair of Beasts)
 11753 | Lair:1   | Received a gift from Kikubaaqudgha
 11871 | D:10     | Entered Level 10 of the Dungeon
 12750 | D:10     | Learned a level 2 spell: Corpse Rot
 12785 | D:10     | Found Atagow's Antique Weapon Shop.
 13636 | D:11     | Noticed a purple ugly thing
 13664 | D:10     | Killed a purple ugly thing
 14118 | D:11     | Killed an unseen horror
 14439 | D:11     | Noticed a two-headed ogre
 14455 | D:11     | Killed a two-headed ogre
 14455 | D:11     | Reached **** piety under Kikubaaqudgha
 14649 | D:11     | Found a staircase to the Orcish Mines.
 14690 | D:11     | Gained mutation: When low on magic, you restore magic in place of health. [demonic ancestry]
 14690 | D:11     | Reached XP level 12. HP: 95/95 MP: 21/21
 15048 | Orc:1    | Entered Level 1 of the Orcish Mines
 15108 | Orc:1    | Found a dark tunnel.
 15158 | Orc:2    | Entered Level 2 of the Orcish Mines
 15471 | Orc:1    | Reached skill level 5 in Shields
 15838 | Orc:2    | Found Zixefuh's Antique Armour Shop.
 15880 | Orc:2    | Noticed a two-headed ogre
 15912 | Orc:2    | Killed a two-headed ogre
 16124 | Orc:2    | Learned a level 3 spell: Confuse
 16273 | Orc:2    | Reached skill level 1 in Hexes
 16431 | Orc:2    | Noticed Saint Roka
 16507 | Orc:1    | Reached skill level 1 in Stealth
 16820 | D:12     | Noticed a two-headed ogre
 16825 | D:12     | Killed a two-headed ogre
 16835 | D:12     | Found a labyrinth entrance.
 16878 | Lab      | Entered a labyrinth
 17087 | Lab      | Noticed a minotaur
 17097 | Lab      | Killed a minotaur
 17097 | Lab      | Reached ***** piety under Kikubaaqudgha
 17099 | Lab      | Got a scorched glass ring
 17112 | Lab      | Identified the ring of Xintiw {rCorr *Drain rC++} (You took it off a minotaur in a labyrinth)
 17204 | D:12     | Found Fiuru's Armour Emporium.
 17325 | D:12     | Noticed a six-headed hydra
 17585 | D:12     | Noticed a catoblepas
 17617 | D:12     | Killed a catoblepas
 17968 | Lair:1   | Identified a scroll of acquirement
 18380 | Lair:2   | Found a staircase to the Swamp.
 18477 | Lair:2   | Reached XP level 13. HP: 102/102 MP: 19/25
 18539 | Lair:2   | Found a staircase to the Snake Pit.
 19160 | Lair:2   | Reached skill level 5 in Hexes
 19281 | Lair:3   | Learned a level 4 spell: Passage of Golubria
 19614 | Lair:3   | Reached skill level 10 in Fighting
 20452 | Lair:4   | Learned a level 1 spell: Apportation
 21008 | Lair:5   | Reached skill level 5 in Stealth
 21548 | Lair:5   | Reached ****** piety under Kikubaaqudgha
 21548 | Lair:5   | Reached XP level 14. HP: 50/111 MP: 17/26
 21801 | D:10     | Bought the +8 autumn katana {slice, Clar} for 1655 gold pieces
 22047 | Lair:5   | Gained mutation: You are somewhat resistant to further mutation. [potion of beneficial mutation]
 22048 | Lair:5   | Gained mutation: You have a pair of large horns on your head. [potion of beneficial mutation]
 22399 | Lair:6   | Entered Level 6 of the Lair of Beasts
 22487 | Lair:6   | Noticed Nessos
 22493 | Lair:6   | Noticed Nessos
 22493 | Lair:6   | Nessos changed into Nessos the fire crab
 22496 | Lair:6   | Killed Nessos the fire crab
 22505 | Lair:6   | Reached skill level 1 in Charms
 23140 | Lair:6   | Noticed Rupert
 23161 | Lair:6   | Reached skill level 5 in Necromancy
 23165 | Lair:6   | Killed Rupert
 23501 | Lair:6   | Found a viscous altar of Jiyva.
 23501 | Lair:6   | Found a staircase to the Slime Pits.
 23788 | Orc:2    | Learned a level 3 spell: Tukima's Dance
 23861 | Orc:2    | Reached skill level 5 in Translocations
 23873 | Orc:2    | Reached skill level 11 in Fighting
 24100 | Orc:2    | Found a roughly hewn altar of Beogh.
 24103 | Orc:2    | Found Bitagem's Antique Weapon Boutique.
 24177 | Orc:2    | Found Monysecw's Antique Armour Boutique.
 24190 | Orc:2    | Bought a glowing buckler for 273 gold pieces
 24229 | Orc:2    | Found Vixas's General Store.
 24259 | Orc:2    | Killed Saint Roka
 24301 | Orc:2    | Bought a scroll of teleportation for 30 gold pieces
 24301 | Orc:2    | Bought a potion of invisibility for 80 gold pieces
 24301 | Orc:2    | Bought a scroll of recharging for 95 gold pieces
 24309 | Orc:2    | Found Rozy's Jewellery Boutique.
 24330 | Orc:2    | Found a staircase to the Elven Halls.
 24676 | D:12     | Mutation became permanent: You have a pair of large horns on your head. [demonic ancestry]
 24676 | D:12     | Reached XP level 15. HP: 118/118 MP: 28/28
 25313 | D:13     | Reached skill level 5 in Evocations
 25778 | D:14     | Found a gate to the Vaults.
 25872 | D:14     | Reached skill level 5 in Armour
 26065 | D:14     | Found Biuteamp's Assorted Antiques.
 26477 | D:15     | Entered Level 15 of the Dungeon
 26547 | D:15     | Found an opulent altar of Gozag.
 26612 | D:15     | Noticed Josephine
 26626 | D:15     | Killed Josephine
 26952 | D:15     | Learned a level 1 spell: Animate Skeleton
 27197 | D:15     | Found a staircase to the Depths.
 27500 | Swamp:1  | Entered Level 1 of the Swamp
 27730 | Swamp:1  | Reached skill level 12 in Fighting
 28108 | Swamp:1  | Gained mutation: Your magical and physical power is slightly enhanced at high health. [demonic ancestry]
 28108 | Swamp:1  | Reached XP level 16. HP: 116/127 MP: 27/29
 29533 | Swamp:3  | Reached skill level 10 in Dodging
 29690 | Swamp:3  | Noticed a thorn hunter
 29697 | Swamp:3  | Killed a thorn hunter
 30009 | Swamp:4  | Entered Level 4 of the Swamp
 30036 | Swamp:4  | Reached skill level 10 in Spellcasting
 30231 | Swamp:4  | Reached skill level 13 in Fighting
 30314 | Swamp:4  | Noticed a thorn hunter
 30334 | Swamp:4  | Killed a thorn hunter
 30980 | Snake:1  | Entered Level 1 of the Snake Pit
 31272 | Snake:1  | Noticed Donald
 31292 | Snake:1  | Killed Donald
 31621 | Snake:1  | Found Dehelasm's Antique Weapon Shop.
 31921 | Snake:2  | Reached XP level 17. HP: 122/138 MP: 31/31
 31942 | Snake:2  | Noticed Frances
 31964 | Snake:2  | Killed Frances
 32165 | Snake:2  | Learned a level 1 spell: Summon Butterflies
 32715 | Snake:2  | Reached skill level 14 in Fighting
 33267 | Snake:3  | Found a shattered altar of Ashenzari.
 33362 | Snake:3  | Reached skill level 10 in Shields
 33408 | Snake:3  | Found a shimmering altar of Xom.
 33898 | Snake:4  | Entered Level 4 of the Snake Pit
 34160 | Swamp:4  | Noticed the 27-headed Lernaean hydra
 34174 | Swamp:4  | Killed the 19-headed Lernaean hydra
 34801 | Swamp:4  | Reached skill level 15 in Fighting
 34864 | Swamp:4  | Got a decaying rune of Zot
 35343 | Vaults:1 | Entered Level 1 of the Vaults
 35712 | Vaults:1 | Reached XP level 18. HP: 92/149 MP: 27/32
 36070 | Orc:2    | Bought an uncursed amulet of regeneration for 390 gold pieces
 37222 | Vaults:1 | Reached skill level 1 in Summonings
 37468 | Vaults:2 | Found Unaowao's Assorted Antiques.
 37640 | Vaults:2 | Reached skill level 16 in Fighting
 37914 | Vaults:2 | Noticed Asterion
 38719 | Vaults:2 | Killed Asterion
 38908 | Vaults:3 | Noticed Mara
 38912 | Vaults:3 | Noticed tsouns's illusion
 39550 | Snake:4  | Reached XP level 19. HP: 133/159 MP: 29/33
 39727 | Snake:4  | Reached skill level 17 in Fighting
 40472 | Snake:4  | Got a serpentine rune of Zot
 41133 | Depths:1 | Entered Level 1 of the Depths
 41778 | Depths:1 | Reached skill level 18 in Fighting
 41821 | Depths:1 | Found a one-way gate leading to the halls of Pandemonium.
 41890 | Depths:1 | Found a sparkling altar of Nemelex Xobeh.
 41991 | Depths:1 | Found a gateway to Hell.
 42688 | D:14     | Bought a smoking arbalest for 399 gold pieces
 42688 | D:14     | Bought a scroll of identify for 84 gold pieces
 42700 | D:14     | Identified the cursed +2 arbalest of Obsession {velocity, rF++ rC- Int+2 SInv} (You bought it in a shop on level 14 of the Dungeon)
 43086 | Snake:2  | Reached XP level 20. HP: 151/172 MP: 30/35
 43296 | Elf:1    | Entered Level 1 of the Elven Halls
 43475 | Elf:1    | Noticed Louise
 43506 | Elf:1    | Killed Louise
 43523 | Elf:1    | Got a warped crystal amulet
 43524 | Elf:1    | Identified the amulet "Zuovia" {+Inv rC- Regen+ Str+3} (You found it on level 1 of the Elven Halls)
 43984 | Elf:1    | Found Pesoraiv's Armour Emporium.
 44542 | Elf:2    | Found a huge runed gate.
 44542 | Elf:2    | Found a huge runed gate.
 44542 | Elf:2    | Found a huge runed gate.
 44549 | Elf:2    | Found a huge runed gate.
 44550 | Elf:2    | Found a huge runed gate.
 44779 | Elf:3    | Entered Level 3 of the Elven Halls
 44821 | Elf:3    | Found a flickering gateway to a bazaar.
 44833 | Bazaar   | Entered a bazaar
 44847 | Bazaar   | Found Jodoes's Gadget Shop.
 44876 | Bazaar   | Found Boifumi's Gadget Shop.
 44912 | Bazaar   | Found Ujupa's Distillery.
 44938 | Bazaar   | Found Askyuv's Distillery.
 44969 | Bazaar   | Bought a potion of haste for 110 gold pieces
 44969 | Bazaar   | Bought a potion of curing for 33 gold pieces
 44991 | Bazaar   | Bought a potion of haste for 110 gold pieces
 44991 | Bazaar   | Bought a potion of haste for 110 gold pieces
 44991 | Bazaar   | Bought a potion of curing for 33 gold pieces
 44991 | Bazaar   | Bought a potion of curing for 33 gold pieces
 44991 | Bazaar   | Bought a potion of curing for 33 gold pieces
 44991 | Bazaar   | Bought 2 potions of haste for 220 gold pieces
 44991 | Bazaar   | Bought 2 potions of agility for 88 gold pieces
 45292 | Elf:3    | Learned a level 5 spell: Silence
 45634 | Elf:3    | Reached skill level 1 in Air Magic
 46176 | Elf:3    | Reached skill level 19 in Fighting
 46500 | Elf:3    | Identified The Last Almanac of the Archmage
 46540 | Elf:3    | Got a faintly glowing arbalest
 46541 | Elf:3    | Identified the +1 arbalest "Etytasm" {penet, Dex+4} (You found it on level 3 of the Elven Halls)
 46594 | Elf:3    | Identified the +1 robe "Jopriabb" {rElec rN+} (You found it on level 3 of the Elven Halls)
 46614 | Elf:3    | Upgraded the game from 0.20-a0-550-gf70bbbc to 0.20-a0-553-g9f38e11
 47190 | Depths:2 | Reached XP level 21. HP: 168/179 MP: 34/36
 47206 | Depths:2 | Found an iron altar of Okawaru.
 47233 | Depths:2 | Paralysed by something for 5 turns
 47730 | Depths:2 | Found a one-way gate to the infinite horrors of the Abyss.
 47944 | Depths:2 | Reached skill level 15 in Shields
 48513 | Depths:3 | Found a gateway to a ziggurat.
 48818 | Depths:3 | Found Muts's Weapon Shoppe.
 49258 | Depths:2 | Found a runed door.
 49272 | Depths:2 | Found a runed door.
 49280 | Depths:2 | Found a runed door.
 49285 | Depths:2 | Reached skill level 20 in Fighting
 49306 | Depths:2 | Found a runed door.
 49392 | Depths:2 | Identified the +6 scale mail of the Ward {+Fly rElec rCorr MP+9} (You found it on level 2 of the Depths)
 49421 | Depths:2 | Identified the Volume of Lucky Air
 49426 | Depths:2 | Got a pair of fine boots
 49427 | Depths:2 | Identified the +0 pair of boots "Lohu Zaw" {Dex+2} (You found it on level 2 of the Depths)
 50446 | Depths:4 | Reached XP level 22. HP: 189/189 MP: 37/37
 50748 | Depths:4 | Noticed a golden dragon
 50762 | Depths:4 | Killed a golden dragon
 51223 | Depths:4 | Reached skill level 10 in Armour
 51352 | Depths:3 | Upgraded the game from 0.20-a0-553-g9f38e11 to 0.20-a0-556-g892c87b
 51417 | Depths:3 | Identified a +7 demon blade of pain (a +5 demon blade bloodied by Kikubaaqudgha)
 51417 | Depths:3 | Received a gift from Kikubaaqudgha
 52490 | Depths:5 | Entered Level 5 of the Depths
 52495 | Depths:5 | Noticed the Enchantress
 52833 | Depths:5 | Noticed a golden dragon
 52869 | Depths:5 | Killed the Enchantress
 52873 | Depths:5 | Noticed a golden dragon
 52880 | Depths:5 | Killed a golden dragon
 52891 | Depths:5 | Killed a golden dragon
 52919 | Depths:5 | Identified the +6 faerie dragon scales {+Fly rC+ rCorr HP-1 Str+4} (You took it off the Enchantress on level 5 of the Depths)
 53003 | Depths:5 | Found a magical portal.
 53045 | WizLab   | Entered Doroklohe's Tomb
 53390 | WizLab   | Identified the ring "Cibruoxt" {rPois MP+9 Int-3 Stlth+} (You found it in a wizard's laboratory)
 53688 | Depths:5 | Paralysed by a vampire knight for 3 turns
 53693 | Depths:5 | Found Elea's Jewellery Shoppe.
 53693 | Depths:5 | Found Sitoaca's Armour Emporium.
 53693 | Depths:5 | Found Nuico's Antique Armour Shoppe.
 53720 | Depths:5 | Bought a +1 pair of boots of running for 620 gold pieces
 53742 | Depths:5 | Bought a glowing cloak for 336 gold pieces
 53778 | Depths:5 | Noticed a juggernaut
 53812 | Depths:5 | Paralysed by something for 7 turns
 53982 | Depths:5 | Found a gate to the Realm of Zot.
 54105 | Depths:5 | Gained mutation: You regenerate a lot of health from kills. [demonic ancestry]
 54105 | Depths:5 | Reached XP level 23. HP: 185/199 MP: 36/39
 54324 | Depths:5 | Noticed Margery
 54362 | Depths:5 | Killed Margery
 54375 | Depths:5 | Reached skill level 21 in Fighting
 54656 | Depths:5 | Killed a juggernaut
 54995 | Depths:4 | Voluntarily entered the Abyss.
 55735 | Abyss:3  | Noticed an ancient lich
 55748 | Abyss:3  | Killed an ancient lich
 55762 | Abyss:3  | Paralysed by accursed screaming for 1 turns
 56041 | Abyss:3  | Found a corrupted altar of Lugonu.
 56249 | Abyss:3  | Found a corrupted altar of Lugonu.
 56302 | Abyss:3  | Found a corrupted altar of Lugonu.
 57029 | Abyss:3  | Gained mutation: You are mostly covered in large bone plates. (SH +6) [demonic ancestry]
 57029 | Abyss:3  | Reached XP level 24. HP: 202/210 MP: 36/39
 57085 | Abyss:3  | Identified the +10 double sword of Harmony {slice, +Blink +Fly rC+++ Int+2} (You found it on level 3 of the Abyss)
 57309 | Abyss:3  | Reached skill level 22 in Fighting
 57983 | Abyss:3  | Found a shattered altar of Ashenzari.
 58228 | Abyss:3  | Reached skill level 15 in Dodging
 58463 | Abyss:3  | Identified the Grimoire of Conjuration
 58465 | Abyss:3  | Identified the Papyrus of Displacement
 58473 | Abyss:3  | Learned a level 6 spell: Dispersal
 58478 | Abyss:3  | Identified Suina's Incunabulum of Flames
 58485 | Abyss:3  | Identified the Tome of Augmentations
 58488 | Abyss:3  | Identified the Collected Works on Heat
 58492 | Abyss:3  | Identified the Reference Book on Talismans
 58752 | Abyss:3  | Got an abyssal rune of Zot
 58873 | Depths:4 | Escaped the Abyss
 59534 | Vaults:3 | Killed Mara
 59629 | Vaults:2 | Reached skill level 10 in Stealth
 59802 | Vaults:3 | Noticed Boris
 59839 | Vaults:3 | Killed Boris
 60150 | Vaults:3 | Reached skill level 15 in Long Blades
 60165 | Vaults:3 | Gained mutation: Your magical and physical power is enhanced at high health. [demonic ancestry]
 60165 | Vaults:3 | Reached XP level 25. HP: 218/219 MP: 39/39
 60372 | Vaults:3 | Reached skill level 23 in Fighting
 60492 | Vaults:3 | Found a staircase to the Crypt.
 60863 | Vaults:4 | Found Feqirel's General Store.
 60871 | Vaults:4 | Bought a potion of curing for 45 gold pieces
 60871 | Vaults:4 | Bought a scroll of enchant armour for 112 gold pieces
 60871 | Vaults:4 | Bought a scroll of identify for 30 gold pieces
 61161 | Vaults:4 | Found a sacrificial altar of Ru.
 61671 | Vaults:5 | Entered Level 5 of the Vaults
 61836 | Vaults:5 | Noticed an ancient lich
 61846 | Vaults:5 | Killed an ancient lich
 61894 | Vaults:5 | Noticed Jory
 61952 | Vaults:5 | Noticed an ancient lich
 61964 | Vaults:5 | Killed an ancient lich
 62013 | Vaults:5 | Got a pair of ichor-stained gloves
 62014 | Vaults:5 | Identified the cursed -7 pair of gloves of Abigra {rCorr} (You found it on level 5 of the Vaults)
 62021 | Vaults:5 | Got a faintly glowing golden ring
 62022 | Vaults:5 | Identified the ring of Hagesoa {+Fly rN+ Int+3} (You found it on level 5 of the Vaults)
 62196 | Vaults:5 | Gained mutation: Your magical and physical power is greatly enhanced at high health. [demonic ancestry]
 62196 | Vaults:5 | Reached XP level 26. HP: 230/231 MP: 40/40
 62456 | Vaults:5 | Killed Jory
 62510 | Vaults:5 | Reached skill level 24 in Fighting
 62584 | Vaults:5 | Got a clouded amethyst amulet
 62585 | Vaults:5 | Identified the amulet "Cuureyj" {Spirit rF+ MR+ Int-2 SInv} (You found it on level 5 of the Vaults)
 62700 | Vaults:5 | Got a silver rune of Zot
 62701 | Vaults:5 | Identified the Papyrus of the Rocks
 62859 | Vaults:5 | Got a twisted buckler
 62870 | Vaults:5 | Identified the +1 buckler of the Land of Plenty {rPois MR+ Regen+ Str+4} (You found it on level 5 of the Vaults)
 62892 | Vaults:5 | Got an ancient long sword
 62893 | Vaults:5 | Identified the +9 long sword of True Grit {slice, MR+} (You found it on level 5 of the Vaults)
 62935 | Vaults:5 | Got a steaming cloak
 62936 | Vaults:5 | Identified the +2 cloak "Jeisoracs" {Int+2} (You found it on level 5 of the Vaults)
 63355 | Crypt:1  | Entered Level 1 of the Crypt
 64238 | Crypt:2  | Reached skill level 10 in Evocations
 64918 | Crypt:3  | Entered Level 3 of the Crypt
 65504 | Crypt:3  | Found a basalt altar of Yredelemnul.
 65870 | Crypt:3  | Gained mutation: You are completely covered in large bone plates. (SH +8) [demonic ancestry]
 65870 | Crypt:3  | Reached XP level 27. HP: 238/239 MP: 41/41
 66154 | Crypt:3  | Found a staircase to the Tomb.
 66954 | Slime:1  | Entered Level 1 of the Pits of Slime
 67047 | Lair:3   | Learned a level 6 spell: Death Channel
 67052 | Lair:3   | Learned a level 4 spell: Control Undead
 67365 | Slime:5  | Entered Level 5 of the Pits of Slime
 67403 | Slime:5  | Noticed the Royal Jelly
 67404 | Slime:5  | Found a viscous altar of Jiyva.
 67418 | Slime:5  | Reached skill level 10 in Necromancy
 67437 | Slime:5  | Killed the Royal Jelly
 67437 | Slime:5  | Reached skill level 25 in Fighting
 67551 | Slime:5  | Got a slimy rune of Zot
 67553 | Slime:5  | Got a brightly glowing iron amulet
 67554 | Slime:5  | Identified the amulet of Emippegh {Spirit MR+} (You found it on level 5 of the Pits of Slime)
 67570 | Slime:5  | Identified Sif Muna's Guide on Shifting Protection
 67607 | Slime:5  | Identified Kuboddow's Tome of Dark Secrets
 67616 | Slime:5  | Got a glittering wooden ring
 67617 | Slime:5  | Identified the ring "Unoirunn" {Wiz rN+ Str+2 Stlth-} (You found it on level 5 of the Pits of Slime)
 67634 | Slime:5  | Identified the Tome of Dark Rituals and Curses
 68029 | Hell     | Entered the Vestibule of Hell
 68029 | Hell     | Noticed Geryon
 68193 | Hell     | Killed Geryon
 68217 | Hell     | Found a gateway to the ashen valley of Gehenna.
 68405 | Hell     | Reached skill level 10 in Hexes
 68432 | Hell     | Found a gateway to the decaying netherworld of Tartarus.
 68604 | Hell     | Found a gateway to the Iron City of Dis.
 68611 | Hell     | Reached skill level 15 in Spellcasting
 68721 | Hell     | Found a gateway to the freezing wastes of Cocytus.
 68912 | Pan      | Entered Pandemonium
 69167 | Pan      | Noticed Haviecze the pandemonium lord
 69207 | Pan      | Killed Haviecze the pandemonium lord
 69235 | Pan      | Got a demonic rune of Zot
 69357 | Pan      | Gained mutation: You tend to lose your temper in combat. [a cacodemon]
 69445 | Pan      | Found an exit through the horrors of the Abyss.
 69639 | Pan      | Found an exit through the horrors of the Abyss.
 69796 | Pan      | Noticed Qusyoh the pandemonium lord
 70097 | Pan      | Found an exit through the horrors of the Abyss.
 70383 | Pan      | Noticed Ceinush the pandemonium lord
 70426 | Pan      | Killed Ceinush the pandemonium lord
 70462 | Pan      | Noticed Daweg the pandemonium lord
 70477 | Pan      | Killed Daweg the pandemonium lord
 70560 | Pan      | Found an exit through the horrors of the Abyss.
 71161 | Pan      | Found an exit through the horrors of the Abyss.
 71284 | Pan      | Gained mutation: Armour fits poorly on your strangely shaped body. [a cacodemon]
 71288 | Pan      | Noticed Yfadykeg the pandemonium lord
 71292 | Pan      | Gained mutation: Potions are less effective at restoring your health. [a neqoxec]
 71303 | Pan      | Killed Yfadykeg the pandemonium lord
 71556 | Pan      | Noticed Qofarru the pandemonium lord
 71564 | Pan      | Killed Qofarru the pandemonium lord
 71574 | Pan      | Reached skill level 26 in Fighting
 71612 | Pan      | Noticed Sitogykh the pandemonium lord
 71615 | Pan      | Noticed esc's ghost (legendary DEFE)
 71986 | Pan      | Found an exit through the horrors of the Abyss.
 71990 | Pan      | Noticed Suirouff the pandemonium lord
 72097 | Depths:1 | Escaped Pandemonium
 72098 | Depths:1 | Lost mutation: You are somewhat resistant to further mutation. [potion of cure mutation]
 72098 | Depths:1 | Lost mutation: Armour fits poorly on your strangely shaped body. [potion of cure mutation]
 72098 | Depths:1 | Lost mutation: Potions are less effective at restoring your health. [potion of cure mutation]
 72098 | Depths:1 | Lost mutation: You tend to lose your temper in combat. [potion of cure mutation]
 72415 | Tomb:1   | Entered Level 1 of the Tomb of the Ancients
 72578 | Tomb:1   | Gained mutation: You are dopey. (Int -2) [a neqoxec]
 72736 | Tomb:1   | Noticed a greater mummy
 72755 | Tomb:1   | Killed a greater mummy
 73712 | Tomb:1   | Noticed a greater mummy
 73725 | Tomb:1   | Killed a greater mummy
 73796 | Tomb:2   | Noticed a greater mummy
 73798 | Tomb:2   | Noticed a greater mummy
 73799 | Tomb:2   | Noticed a greater mummy
 73801 | Tomb:2   | Noticed an ancient lich
 73885 | Tomb:1   | Killed an ancient lich
 73972 | Tomb:1   | Killed a greater mummy
 74121 | Tomb:2   | Killed a greater mummy
 74130 | Tomb:2   | Killed a greater mummy
 74246 | Tomb:2   | Noticed Sojobo
 74257 | Tomb:2   | Killed Sojobo
 74579 | Tomb:1   | Noticed a greater mummy
 74579 | Tomb:1   | Noticed a greater mummy
 74580 | Tomb:1   | Noticed a greater mummy
 74583 | Tomb:1   | Noticed a greater mummy
 74584 | Tomb:1   | Killed a greater mummy
 74591 | Tomb:1   | Killed a greater mummy
 74591 | Tomb:1   | Reached skill level 15 in Stealth
 74596 | Tomb:1   | Killed a greater mummy
 74598 | Tomb:1   | Noticed a greater mummy
 74600 | Tomb:1   | Noticed a greater mummy
 74720 | Tomb:1   | Noticed a greater mummy
 74722 | Tomb:1   | Killed a greater mummy
 74726 | Tomb:1   | Killed a greater mummy
 74735 | Tomb:1   | Killed a greater mummy
 74738 | Tomb:1   | Noticed a greater mummy
 74741 | Tomb:1   | Killed a greater mummy
 74762 | Tomb:1   | Killed a greater mummy
 74781 | Tomb:1   | Noticed a greater mummy
 74811 | Tomb:1   | Killed a greater mummy
 74898 | Tomb:1   | Noticed a greater mummy
 74903 | Tomb:1   | Noticed a greater mummy
 74913 | Tomb:1   | Noticed a greater mummy
 74916 | Tomb:1   | Noticed a greater mummy
 74916 | Tomb:1   | Killed a greater mummy
 74923 | Tomb:1   | Killed a greater mummy
 75075 | Tomb:1   | Killed a greater mummy
 75111 | Tomb:1   | Killed a greater mummy
 75173 | Tomb:1   | Noticed a greater mummy
 75189 | Tomb:1   | Killed a greater mummy
 75201 | Tomb:1   | Noticed a greater mummy
 75212 | Tomb:1   | Killed a greater mummy
 75335 | Tomb:3   | Entered Level 3 of the Tomb of the Ancients
 75360 | Tomb:3   | Noticed a greater mummy
 75364 | Tomb:3   | Noticed a greater mummy
 75367 | Tomb:3   | Noticed a greater mummy
 75369 | Tomb:3   | Noticed an ancient lich
 75376 | Tomb:3   | Noticed a greater mummy
 75377 | Tomb:3   | Noticed a greater mummy
 75380 | Tomb:3   | Noticed a greater mummy
 75416 | Tomb:3   | Noticed a greater mummy
 75426 | Tomb:2   | Killed a greater mummy
 75485 | Tomb:3   | Noticed a greater mummy
 75498 | Tomb:2   | Killed an ancient lich
 75502 | Tomb:2   | Killed a greater mummy
 75503 | Tomb:2   | Killed a greater mummy
 75577 | Tomb:2   | Killed a greater mummy
 75659 | Tomb:2   | Killed a greater mummy
 75663 | Tomb:2   | Killed a greater mummy
 75711 | Tomb:2   | Killed a greater mummy
 75732 | Tomb:3   | Killed a greater mummy
 76085 | Tomb:3   | Got a golden rune of Zot
 76131 | Tomb:3   | Got a glittering zirconium amulet
 76132 | Tomb:3   | Identified the amulet of Amorality {Harm *Drain Int+4 Dex+3 Stlth+} (You found it on level 3 of the Tomb of the Ancients)
 76156 | Tomb:3   | Got a bound marble ring
 76157 | Tomb:3   | Identified the ring "Xuof" {Wiz rC+} (You found it on level 3 of the Tomb of the Ancients)
 76170 | Tomb:3   | Identified the ring "Hif Impix" {Wiz Str+4} (You found it on level 3 of the Tomb of the Ancients)
 76202 | Tomb:3   | Got a scorched wooden ring
 76203 | Tomb:3   | Identified the ring "Lomex" {+Blink rPois MR- Int+5 Stlth+} (You found it on level 3 of the Tomb of the Ancients)
 76643 | Crypt:1  | Learned a level 8 spell: Discord
 76963 | Zot:1    | Entered Level 1 of the Realm of Zot
 76971 | Zot:1    | Reached skill level 15 in Armour
 77368 | Zot:3    | Reached skill level 27 in Fighting
 77504 | Zot:5    | Entered Level 5 of the Realm of Zot
 77767 | Zot:5    | Noticed an ancient lich
 77782 | Zot:5    | Killed an ancient lich
 77810 | Zot:5    | Noticed an ancient lich
 77812 | Zot:5    | Noticed an orb of fire
 77840 | Zot:5    | Noticed an orb of fire
 77842 | Zot:5    | Noticed an orb of fire
 77849 | Zot:5    | Noticed an orb of fire
 77859 | Zot:5    | Killed an orb of fire
 77873 | Zot:5    | Killed from afar by an ancient lich

Vault maps used:
D:1:      scummos_arrival_forest, hangedman_decor_points, minmay_nonomino_d4
D:2:      nicolae_qazlal_general_emergency, old_standard_altar
D:3:      kennysheep_the_goblin_king, minitemple, grunt_temple_overflow_open,
          first_bread, uniq_sigmund, uniq_iyjb, uniq_robin
D:4:      corexii_shack_village, serial_shops, nicolae_shop_behind_doors
D:5:      basic_altar, serial_shops, kennysheep_little_box,
          brannock_xom_greatest_gift, uniq_duvessa
D:6:      lemuel_round_altar
D:7:      kennysheep_mini_moat, temple_fountains, uniq_prince_ribbit1
D:8:      marbit_many_paths, elyvilon_altar_4, serial_shops, shop_fountains,
          uniq_grum
D:9:      david_lair_generic, nicolae_ashenzari_panopticon
D:10:     serial_shops, nicolae_shop_overgrown_old_shop,
          hangedman_little_slice_of_home
D:11:     orc_0_dummy
D:12:     serial_shops, nicolae_shop_waterfront, lab_entry_generic
D:14:     lightli_vaults_fourway_checkpoint, chequers_big_river, serial_shops,
          shop, grunt_decor_arrowhead
D:15:     grunt_enter_depths_snipers, basic_altar, minmay_strange_pillars,
          minmay_librarian, uniq_josephine
Temple:   zaba_magenta_temple
Lair:1:   portal_ice_cave_demonic_guard, guppyfry_lair_drakes,
          grunt_megastairs_2
Lair:2:   swamp_mist_pool, minmay_snake_entry_guardpost_small,
          beast_lair_carwin_10
Lair:4:   wad_woods_road_02
Lair:5:   grunt_megastairs_1
Lair:6:   grunt_lair_end_beastmaster, dpeg_slime_entry_enclosed_altar,
          bh_autumn_forest_stairs, hangedman_lair_unloving_vines,
          cheibrodos_lair_lostbears, lemuel_fruit_tree, lemuel_fruit_fields,
          uniq_nessos, uniq_rupert
Swamp:1:  evilmike_swamp_ruin_house_3, swamp_pool1, grunt_lady_of_the_lake
Swamp:2:  evilmike_swamp_ruin_rubble_1
Swamp:3:  hangedman_swamp_blocks
Swamp:4:  swamp_old_school
Snake:1:  serial_shops, shop, serial_bayou_lagoon_a, uniq_donald
Snake:2:  library_closet, serial_bayou_shore_a, uniq_frances
Snake:3:  kennysheep_six_static_rooms, basic_altar, grunt_ministairs_2,
          lemuel_oklob_altar
Snake:4:  minmay_snake_end_coiled, serial_bayou_pond_d, spider_trap,
          serial_bayou_shore_b
Slime:4:  basic_altar
Orc:1:    nicolae_volcano_entry_two_sided
Orc:2:    grunt_orc_cross, serial_shops, shop
Elf:1:    eino_elf_arrival_sip, serial_shops, shop,
          kennysheep_underground_church, glass_columns_b, uniq_louise
Elf:3:    minmay_elf_hall_curves, serial_shops, bzr_entry_customers, spider_trap
Vaults:1: vaults_mumra_chevron_long, v_misc_32, vaults_dpeg_diagonal,
          ontoclasm_vaults_loading_screen, v_pattern_5,
          nicolae_vaults_three_branches, hangedman_vaults_capsules,
          ontoclasm_vaults_decontamination, ontoclasm_vaults_claustrophobia,
          hangedman_vaults_impose, ontoclasm_vaults_eye, v_misc_11
Vaults:2: vaults_room_octagon, v_pattern_3, ontoclasm_vaults_twist,
          ontoclasm_vaults_bender, nicolae_vaults_asterisk,
          ontoclasm_vaults_shuriken, vaults_room_semicircle, serial_shops, shop,
          uniq_asterion
Vaults:3: v_misc_17, nicolae_vaults_hallways_thing, hangedman_vaults_stream,
          v_misc_29, nicolae_vaults_network_s,
          minmay_crypt_entry_skeletal_spiral, vaults_room_door_hall,
          v_pattern_2, v_misc_30, v_misc_8, vaults_dpeg_hooks, uniq_saint_roka,
          uniq_mara, uniq_boris
Vaults:4: v_rooms_6, vaults_dpeg_cross, v_misc_14, hangedman_vaults_stagger,
          v_pattern_4, hangedman_vaults_slice, vaults_room_stairs_pillars,
          vaults_room_door_ring, serial_ice_m, v_misc_8, serial_shops, shop,
          basic_altar
Vaults:5: serial_shops, uniq_jory
Crypt:1:  grunt_crypt_arrival_guarded_gate
Crypt:2:  minmay_strange_pillars
Crypt:3:  evilmike_haunted_forest
Tomb:2:   uniq_sojobo
Depths:1: pan_entry, grunt_decor_resistance, hell_entry,
          nemelex_xobeh_ov_fountains_minmay, firewood_loft,
          hangedman_decor_cross_pass, serial_bayou_shore_b
Depths:2: impenetrable_vault, grunt_hell_entry_dis_grunt,
          okawaru_ov_weapons_minmay, grunt_pan_entry_zigzag,
          abyss_entry_small_statue_room, infiniplex_staircase_pillars_1
Depths:3: kennysheep_scales, enter_ziggurat_f, serial_shops,
          nicolae_shop_temple_entry_statues_fountains, serial_sigils,
          serial_sigils_hangedman_quiver, serial_sigils_hangedman_quiver,
          serial_sigils_hangedman_writhe, serial_sigils_hangedman_shear,
          serial_sigils_hangedman_quiver, hell_entry, pan_entry,
          hangedman_abyss_entry_splay
Depths:4: hangedman_crystal_crosses_colossus, abyss_entry, hell_entry
Depths:5: evilmike_zot_entry_diamond, mu_enter_wizlab_2,
          wad_floor_pattern_untrapped, grunt_metal_band, eino_tiny_chamber,
          kennysheep_random_hallway, minmay_shop_star, basic_stair_grate_trap,
          serial_bayou_shore_b, uniq_enchantress
Zot:3:    infiniplex_zot_generator
Abyss:1:  evilmike_abyss_exit_mutagenic
Abyss:2:  minivault_25
Pan:      evilmike_mini_pan_possible_glass, rand_demon_5, rand_demon_8,
          nicolae_pan_gloorx_vloqian_4, reaverb_pan_chaos_star,
          nicolae_pan_diamonds, pan_blood_fountain_small,
          nicolae_pan_mnolegish_5, evilmike_mini_pan_possible_glass,
          rand_demon_6, lemuel_hall_of_pain, evilmike_mini_pan_doors_b,
          nicolae_pan_lom_lobonic_3, evilmike_mini_pan_pillars_b,
          pan_blood_fountain_small, nicolae_pan_sigil_eeng, grunt_pan_pentagram,
          regret_index_pan_draining_boxed, grunt_pan_zigzag, pan_blood_fountain,
          grunt_pan_sceptre, evilmike_mini_pan_possible_glass
Lab:      labyrinth_mini_lab, lab_hedge, nicolae_lab_stuck, nicolae_lab_grate_2
Bazaar:   dpeg_bazaar_wands
WizLab:   wizlab_doroklohe

Skill      XL: |  1  2  3  4  5  6  7  8  9 10 11 12 13 14 15 16 17 18 19 20 21 22 23 24 25 26 27 |
---------------+----------------------------------------------------------------------------------+-----
Long Blades    | 2 3 4 5 7 8 10 11 12 13 14 15 16 | 16.4
Fighting       | 3 4 5 6 7 8 9 10 11 12 13 15 16 18 19 20 21 22 23 24 27 | 27.0
Evocations     | 1 2 3 4 6 8 10 11 | 11.2
Dodging        | 3 5 6 7 8 9 10 11 12 13 14 15 16 18 | 18.9
Spellcasting   | 3 5 6 8 9 10 11 12 13 14 17 | 17.2
Armour         | 1 3 5 6 8 9 10 12 15 | 15.4
Necromancy     | 3 4 5 6 8 9 14 | 14.8
Translocations | 3 5 9 |  9.6
Shields        | 4 5 6 8 9 10 11 12 14 16 | 16.0
Hexes          | 4 7 8 9 14 | 14.0
Stealth        | 3 5 6 7 8 10 11 12 15 | 15.7
Charms         | 3 |  3.1
Summonings     | 2 |  2.1
Air Magic      | 2 |  2.8
Throwing       | |  0.8

Action                   |  1- 3 |  4- 6 |  7- 9 | 10-12 | 13-15 | 16-18 | 19-21 | 22-24 | 25-27 || total
-------------------------+-------+-------+-------+-------+-------+-------+-------+-------+-------++-------
Melee: Falchion          |   139 |   250 |   639 |   627 |    65 |       |       |       |       ||  1720
       Headbutt          |    15 |    48 |   122 |   272 |   255 |   365 |   414 |   645 |  1247 ||  3383
       Long sword        |       |       |       |   427 |       |       |       |       |       ||   427
       Scimitar          |       |       |       |   320 |   409 |    67 |       |       |       ||   796
       Katana            |       |       |       |       |   851 |  1723 |  1911 |  1288 |   666 ||  6439
       Demon blade       |       |       |       |       |       |       |       |   178 |       ||   178
       Double sword      |       |       |       |       |       |       |       |   802 |  2775 ||  3577
 Fire: Blowgun           |       |       |       |     3 |       |       |       |       |       ||     3
Throw: Javelin           |       |     4 |    11 |     6 |       |     1 |       |       |       ||    22
 Cast: Blink             |       |       |     2 |     1 |     1 |     1 |     1 |     1 |       ||     7
       Shroud of Golubri |       |       |     2 |    12 |     1 |     2 |     4 |     4 |     4 ||    29
       Ensorcelled Hiber |       |       |     1 |       |       |     2 |       |       |       ||     3
       Regeneration      |       |       |       |    27 |    13 |    64 |    58 |    58 |   107 ||   327
       Teleport Other    |       |       |       |     9 |     1 |       |       |       |       ||    10
       Confuse           |       |       |       |     3 |    11 |    18 |     7 |    16 |       ||    55
       Passage of Golubr |       |       |       |       |     4 |       |       |       |       ||     4
       Tukima's Dance    |       |       |       |       |    44 |    31 |   146 |    21 |       ||   242
       Portal Projectile |       |       |       |       |       |     1 |       |       |       ||     1
       Silence           |       |       |       |       |       |       |     3 |     2 |     1 ||     6
       Summon Butterflie |       |       |       |       |       |       |     1 |    12 |       ||    13
       Apportation       |       |       |       |       |       |       |       |     1 |     1 ||     2
       Control Undead    |       |       |       |       |       |       |       |       |    59 ||    59
       Death Channel     |       |       |       |       |       |       |       |       |    11 ||    11
Invok: Brand Weapon With |       |       |       |       |       |       |       |     1 |       ||     1
 Abil: Evoke Invisibilit |       |       |       |       |       |       |       |     1 |       ||     1
Evoke: Wand              |       |     2 |    37 |    18 |    14 |     2 |     4 |    10 |    12 ||    99
       Lightning rod     |       |       |       |     4 |    16 |     6 |     1 |     1 |       ||    28
       Phial of floods   |       |       |       |       |       |     2 |       |     3 |     1 ||     6
       Sack of spiders   |       |       |       |       |       |     1 |       |     3 |       ||     4
       Lamp of fire      |       |       |       |       |       |       |     2 |     4 |     5 ||    11
       Fan of gales      |       |       |       |       |       |       |     1 |     1 |       ||     2
       Phantom mirror    |       |       |       |       |       |       |       |     2 |       ||     2
  Use: Scroll            |     6 |     6 |     6 |    17 |     8 |    10 |    13 |    19 |    30 ||   115
       Potion            |       |       |     1 |     7 |     5 |     3 |     5 |    10 |    11 ||    42
 Stab: Distracted        |       |     1 |       |       |     1 |     3 |     6 |    14 |    21 ||    46
       Paralysed         |       |       |    42 |     6 |       |       |       |       |       ||    48
       Sleeping          |       |       |     2 |       |     8 |    11 |     9 |     2 |    40 ||    72
       Confused          |       |       |     1 |     1 |     5 |     6 |     1 |     5 |       ||    19
       Invisible         |       |       |       |     8 |       |       |       |     2 |       ||    10
  Eat: Chunk             |     2 |     4 |     7 |    14 |    28 |     6 |       |     3 |       ||    64
       Bread ration      |       |     1 |     2 |     1 |       |       |     4 |     4 |     8 ||    20
       Royal jelly       |       |       |     1 |     6 |     3 |    20 |     9 |       |     4 ||    43
       Meat ration       |       |       |       |     1 |       |       |     1 |     3 |     4 ||     9
       Fruit             |       |       |       |       |       |       |       |     3 |     5 ||     8
Armor: Leather armour    |    48 |   101 |   124 |   286 |   153 |       |       |       |       ||   712
       Plate armour      |       |       |       |    11 |       |       |       |       |       ||    11
       Troll leather arm |       |       |       |       |    96 |    81 |       |       |       ||   177
       Swamp dragon scal |       |       |       |       |       |   345 |   319 |    95 |       ||   759
       Acid dragon scale |       |       |       |       |       |       |       |   370 |   781 ||  1151
       Storm dragon scal |       |       |       |       |       |       |       |     9 |       ||     9
Dodge: Dodged            |    79 |   113 |   268 |   612 |   521 |   770 |   549 |   829 |  2015 ||  5756
Block: Other             |       |    20 |    78 |    59 |       |       |       |       |       ||   157
       Buckler           |       |       |       |   350 |   437 |   781 |   272 |       |  2003 ||  3843
       Shield            |       |       |       |       |       |       |   659 |  1626 |   558 ||  2843
       Rpst.: Falchion   |    29 |    32 |    84 |    77 |     2 |       |       |       |       ||   224
       Long sword        |       |       |       |    32 |       |       |       |       |       ||    32
       Scimitar          |       |       |       |    37 |    58 |     8 |       |       |       ||   103
       Katana            |       |       |       |       |    58 |   136 |    93 |    63 |    58 ||   408
       Demon blade       |       |       |       |       |       |       |       |     8 |       ||     8
       Double sword      |       |       |       |       |       |       |       |    56 |   297 ||   353
